 Dungeon Sprint DCSS version 0.30-a0-802-gb92711bcdf (webtiles) character file.

Game seed: 10683090315824177052

381 Juicyj the Protected (level 6, -10/55 HPs)
             Began as a Minotaur Fighter on Feb 24, 2023.
             Was a Follower of Hepliaklqana.
             Killed from afar by an efreet (21 damage)
             ... with a fireball
             ... in the Dungeon (Sprint VII: "The Pits").
             The game lasted 00:01:41 (302 turns).

Juicyj the Protected (Minotaur Fighter)              Turns: 302, Time: 00:01:41

Health: -10/55     AC:  8    Str: 22    XL:     6   Next: 46%
Magic:  5/5        EV: 10    Int:  5    God:    Hepliaklqana [*.....]
Gold:   0          SH:  6    Dex: 10    Spells: 5/5 levels left

rFire   . . .      SeeInvis .    a - +0 trident
rCold   . . .      Faith    .    c - +0 buckler
rNeg    . . .      Spirit   .    b - +0 scale mail
rPois   .          Reflect  .    (helmet restricted)
rElec   .          Harm     .    (no cloak)
rCorr   .          Rampage  .    (no gloves)
Will    .....      NoTele   +    (no boots) Stlth
                                 (no amulet)
HPRegen 0.29/turn                (no ring)
MPRegen 0.09/turn                (no ring)

@: no status effects
A: reduced essence, horns 2, retaliatory headbutt
a: Renounce Religion, Recall Ancestor, Ancestor Identity


You were in the Dungeon.
You worshipped Hepliaklqana.
Hepliaklqana was aware of your devotion.
You visited 1 branch

Inventory:

Hand Weapons
 a - a +0 trident (weapon)
Armour
 b - a +0 scale mail (worn)
 c - a +0 buckler (worn)
Scrolls
 j - a scroll of blinking
 l - 5 scrolls of amnesia
 m - a scroll of butterflies
Potions
 f - a potion of heal wounds
 g - a potion of haste
 h - 4 potions of magic
 i - 3 potions of berserk rage
 k - 2 potions of invisibility


   Skills:
 + Level 8.9 Fighting
 + Level 7.2 Polearms
 + Level 10.0 Armour
 + Level 2.1 Dodging
 + Level 9.3 Shields


You had 5 spell levels left.
You didn't know any spells.
Your spell library was empty.

Dungeon Overview and Level Annotations

Branches:
Dungeon (1/1)

Altars:
Ashenzari
Cheibriados
Dithmenos
Elyvilon
Fedhas
Gozag
Hepliaklqana
Kikubaaqudgha
Makhleb
Nemelex Xobeh
Okawaru
Qazlal
Ru
Sif Muna
Trog
Uskayaw
Vehumet
Wu Jian
Xom
Yredelemnul
Zin
The Shining One
Jiyva
Lugonu


Innate Abilities, Weirdness & Mutations

Your life essence is reduced to manifest your ancestor. (-10% HP)
You have a pair of horns on your head.
You reflexively headbutt those who attack you in melee.


Message History

Press: ? - help, Dir - move target, f/p - efreet
Aim: an efreet, wielding a +2 scimitar of flaming (ally target, about 20% to evade your +0 trident)
You reach to attack!
You puncture the efreet!
The efreet is moderately wounded.
Reach: a) +0 trident
Press: ? - help, Dir - move target, f/p - efreet
Aim: an efreet, wielding a +2 scimitar of flaming (moderately wounded, ally target, about 20% to evade your +0 trident)
You barely miss the efreet. You headbutt the efreet!
The efreet is heavily wounded.
The efreet barely misses you.
Reach: a) +0 trident
Press: ? - help, Dir - move target, f/p - efreet
Aim: an efreet, wielding a +2 scimitar of flaming (heavily wounded, ally target, about 20% to evade your +0 trident)
You hit the efreet but do no damage.
You headbutt the efreet, but do no damage.
The efreet is heavily wounded.
The efreet hits you with a +2 scimitar of flaming!
The efreet burns you.
Reach: a) +0 trident
Press: ? - help, Dir - move target, f/p - efreet
Aim: an efreet, wielding a +2 scimitar of flaming (heavily wounded, ally target, about 20% to evade your +0 trident)
You barely miss the efreet.
The efreet is heavily wounded.
The efreet hits you with a +2 scimitar of flaming!
The efreet burns you!
* * * LOW HITPOINT WARNING * * *
Reach: a) +0 trident
Press: ? - help, Dir - move target, f/p - efreet
Aim: an efreet, wielding a +2 scimitar of flaming (heavily wounded, ally target, about 20% to evade your +0 trident)
You hit the efreet. Your headbutt misses the efreet.
The efreet is heavily wounded.
You block the efreet's attack.
Reach: a) +0 trident
Press: ? - help, Dir - move target, f/p - efreet
Aim: an efreet, wielding a +2 scimitar of flaming (heavily wounded, ally target, about 20% to evade your +0 trident)
You puncture the efreet!
The efreet is severely wounded.
The efreet gestures at you.
The fireball explodes!
The fireball engulfs you!!
You die...

#)#
#.......#
#'######
#.......#
#..#.#.##
#########
#.......#
##.#.#.##
#.......#+#
##.#.#.##.+
#......R#R#
##.#.#..@.#
##########


You could see the friendly Ku-aya the ancestor and an efreet (ally target).

Vanquished Creatures
  An orc warrior (D)
  A black bear (D)
  A centaur (D)
  A bullfrog (D)
  An orc wizard (D)
  A gnoll (D)
  An ufetubus (D)
  3 orcs (D)
  A giant cockroach (D)
  3 jackals (D)
  A quokka zombie (D)
15 creatures vanquished.

Vanquished Creatures (collateral kills)
  An adder (D)
1 creature vanquished.

Vanquished Creatures (others)
  An ancestor (D)
1 creature vanquished.

Grand Total: 17 creatures vanquished

Notes
Turn   | Place    | Note
-------+----------+-------------------------------------------
     0 | D        | Juicyj the Minotaur Fighter began the quest for the Orb.
     0 | D        | Reached XP level 1. HP: 19/19 MP: 0/0
    21 | D        | Reached skill level 4 in Armour
    21 | D        | Reached XP level 2. HP: 14/28 MP: 1/1
    25 | D        | Found a bloodstained altar of Trog.
    25 | D        | Found a shimmering blue altar of Sif Muna.
    25 | D        | Found a viscous altar of Jiyva.
    25 | D        | Found a hazy altar of Hepliaklqana.
    25 | D        | Found an opulent altar of Gozag.
    26 | D        | Found a glowing golden altar of the Shining One.
    26 | D        | Found a glowing silver altar of Zin.
    26 | D        | Found a basalt altar of Yredelemnul.
    26 | D        | Found a shimmering altar of Xom.
    26 | D        | Found an ornate altar of the Wu Jian Council.
    26 | D        | Found a sacrificial altar of Ru.
    26 | D        | Found a stormy altar of Qazlal.
    26 | D        | Found an iron altar of Okawaru.
    26 | D        | Found a sparkling altar of Nemelex Xobeh.
    26 | D        | Found a burning altar of Makhleb.
    26 | D        | Found a blossoming altar of Fedhas.
    26 | D        | Found a white marble altar of Elyvilon.
    26 | D        | Found a shadowy altar of Dithmenos.
    26 | D        | Found a snail-covered altar of Cheibriados.
    27 | D        | Found a radiant altar of Vehumet.
    27 | D        | Found a corrupted altar of Lugonu.
    28 | D        | Found a hide-covered altar of Uskayaw.
    28 | D        | Found an ancient bone altar of Kikubaaqudgha.
    28 | D        | Found a broken altar of Ashenzari.
    41 | D        | Became a worshipper of Hepliaklqana the Forgotten
    81 | D        | Reached skill level 5 in Armour
    99 | D        | Noticed a centaur
    99 | D        | Noticed a black bear
   100 | D        | Noticed an orc warrior
   101 | D        | Reached * piety under Hepliaklqana
   101 | D        | Noticed a bullfrog
   116 | D        | Reached skill level 5 in Fighting
   116 | D        | Reached skill level 5 in Shields
   123 | D        | Killed a centaur
   124 | D        | Reached skill level 7 in Armour
   124 | D        | Reached skill level 1 in Dodging
   124 | D        | Reached XP level 3. HP: 14/34 MP: 2/2
   124 | D        | Reached XP level 4. HP: 17/40 MP: 3/3
   125 | D        | Killed a black bear
   126 | D        | Reached skill level 5 in Polearms
   126 | D        | Reached skill level 8 in Armour
   126 | D        | Reached XP level 5. HP: 20/46 MP: 4/4
   126 | D        | Killed an orc warrior
   127 | D        | Reached skill level 9 in Armour
   127 | D        | Reached XP level 6. HP: 24/54 MP: 5/5
   136 | D        | Reached skill level 10 in Armour
   294 | D        | Noticed an efreet
   302 | D        | Killed from afar by an efreet

Illustrated notes

Levels and vault maps discovered:
D:        pitsprint [storerooms_1, entrance_room_1, metal_vault_6, armoury_1,
          mini_pit_1, grid_room_1, main_hall_1, silver_pit, the_coven_3,
          the_vestibule_1, steel_vault_3, golden_pit, hallway_of_sentries,
          crystal_vault_2, iron_vault_1, final_vault]

Skill      XL: |  1  2  3  4  5  6 |
---------------+-------------------+-----
Fighting       | 4 6 7 8 |  8.9
Armour         | 4 7 8 9 10 | 10.0
Shields        | 4 6 7 8 9 |  9.3
Polearms       | 4 5 6 7 |  7.2
Dodging        | 1 2 |  2.1

Action                     |  1- 3 |  4- 6 || total
---------------------------+-------+-------++-------
  Melee: Trident           |    26 |    22 ||    48
         Headbutt          |     1 |     4 ||     5
    Use: Potion            |     2 |       ||     2
 Armour: Scale mail        |    16 |     1 ||    17
  Dodge: Dodged            |    16 |     3 ||    19
  Block: Buckler           |     7 |     1 ||     8

Table legend: (Time is in decaauts)
 A = Elapsed time spent in this place.
 B = Non-inter-level travel time spent in this place.
 C = Inter-level travel time spent in this place.
 D = Time resting spent in this place.
 E = Time spent auto-exploring this place.
 F = Levels seen in this place.
 G = Mean time per level.
                   A        B        C        D        E       F      G
               +--------+--------+--------+--------+--------+-----+--------+
         Total |    306 |    284 |     22 |      0 |    153 |   1 |  306.0 |
       Dungeon |    306 |    284 |     22 |      0 |    153 |   1 |  306.0 |
               +--------+--------+--------+--------+--------+-----+--------+

Top non-repeatable levels by time:
       D: 306 daAuts
